 Dungeon Crawl Stone Soup version 0.28-a0-1493-g08698888e4 (webtiles) character file.

Game seed: 16989930465690619049

31 lunkers the Covert (level 3, -8/28 HPs)
             Began as a Vampire Delver on Jan 12, 2022.
             Mangled by an ice beast (11 damage)
             ... on level 5 of the Dungeon.
             The game lasted 00:01:19 (249 turns).

lunkers the Covert (Vampire Delver)                  Turns: 249, Time: 00:01:20

Health: -8/28      AC:  4    Str: 11    XL:     3   Next: 7%
Magic:  3/3        EV: 12    Int: 14    God:
Gold:   36         SH:  0    Dex: 15    Spells: 2/2 levels left

rFire   . . .      SeeInvis +   a - +0 short sword
rCold   . . .      Faith    .   (no shield)
rNeg    . . .      Spirit   .   b - +0 leather armour
rPois   .          Reflect  .   (no helmet)
rElec   .          Harm     .   (no cloak)
rCorr   .          Rampage  .   (no gloves)
Will    .....                   e - +0 pair of boots
Stlth   ++++......              (no amulet)
HPRegen 0.29/turn               (no ring)
MPRegen 0.08/turn               (no ring)

@: healing quickly
A: alive, fangs 3, see invisible, vampiric 2
a: Exsanguinate


You were on level 5 of the Dungeon.
You visited 1 branch of the dungeon, and saw 1 of its levels.

You collected 36 gold pieces.

Inventory:

Hand Weapons
 a - a +0 short sword (weapon)
Armour
 b - a +0 leather armour (worn)
 e - a +0 pair of boots (worn)
 i - the +1 leather armour "Pias Epn" {rN+++ Will- rCorr MP-9}
   (You found it on level 5 of the Dungeon)

   rN:        It renders you almost immune to negative energy.
   MP:        It affects your magic capacity (-9).
   rCorr:     It protects you from acid and corrosion.
   Will:      It decreases your willpower.
Wands
 g - a wand of digging (3)
Scrolls
 c - a scroll of fog
 d - a scroll of magic mapping


   Skills:
 - Level 2.6 Fighting
 + Level 3.2 Short Blades
 - Level 2.1 Dodging
 + Level 8.0 Stealth


You had 2 spell levels left.
You didn't know any spells.
Your spell library was empty.

Dungeon Overview and Level Annotations

Branches:
Dungeon (5/15)
 Temple: D:4-7

Altars:


Innate Abilities, Weirdness & Mutations

Your natural rate of healing is accelerated.
You have razor-sharp teeth.
You have supernaturally acute eyesight. (SInv)
You are afflicted with vampirism and can become a bat while bloodless.


Message History

You hit the orc. You bite the orc.
You kill the orc!
Things that are here:
a +0 flail; a +0 leather armour; an orc corpse Your extra speed is starting to run out.
An ice beast comes into view.
An ice beast is nearby!
An ice beast is nearby!
You feel yourself slow down.
You catch the helpless ice beast completely off-guard!
You puncture the ice beast! You bite the ice beast.
The ice beast is heavily wounded.
You hit the ice beast.
The ice beast is heavily wounded.
The ice beast hits you but does no damage.
You closely miss the ice beast.
The ice beast is heavily wounded.
The ice beast closely misses you.
You hit the ice beast but do no damage.
The ice beast is heavily wounded.
The ice beast hits you but does no damage.
You hit the ice beast but do no damage. Your bite misses the ice beast.
The ice beast is heavily wounded.
The ice beast hits you but does no damage.
You hit the ice beast.
The ice beast is severely wounded.
The ice beast hits you. The ice beast freezes you.
* * * LOW HITPOINT WARNING * * *
You hit the ice beast but do no damage.
The ice beast is severely wounded.
The ice beast hits you.
* * * LOW HITPOINT WARNING * * *
The ice beast freezes you!
* * * LOW HITPOINT WARNING * * *
You barely miss the ice beast. Your bite misses the ice beast.
The ice beast is severely wounded.
The ice beast hits you.
* * * LOW HITPOINT WARNING * * *
The ice beast freezes you!
You die...

#.# # #.# # # #.# #
## .# #.# ### .# #.
#.# #.. ###
####.#.####.###.#
...##...#.##.l......#
#.#Y# #..##.#####.#.
#..@# #.....# #.###
#.######)###.###># ##
#) #.....†)....## #.#
..# ############# #.#
#.# #.. o.. ### ###


You could see an ice beast.

Vanquished Creatures
  An iguana (D:5)
  3 orcs (D:5)
4 creatures vanquished.

Notes
Turn   | Place    | Note
-------+----------+-------------------------------------------
     0 | D:5      | lunkers the Vampire Delver began the quest for the Orb.
     0 | D:5      | Reached XP level 1. HP: 17/17 MP: 1/1
    40 | D:5      | Noticed a sky beast
    44 | D:5      | Identified the +1 leather armour "Pias Epn" {rN+++ Will-
                  | rCorr MP-9}
    44 | D:5      | Noticed an iguana
   123 | D:5      | Noticed an ice beast
   192 | D:5      | Killed an iguana
   193 | D:5      | Reached skill level 8 in Stealth
   193 | D:5      | Reached XP level 2. HP: 15/23 MP: 2/2
   195 | D:5      | Gained mutation: You are afflicted with vampirism and can
                  | become a bat while bloodless. [Vampire growth]
   195 | D:5      | Reached XP level 3. HP: 13/28 MP: 3/3
   240 | D:5      | Noticed an ice beast
   249 | D:5      | Mangled by an ice beast

Illustrated notes

Levels and vault maps discovered:
D:5:      layout_loops_ring, mainiacjoe_overflow_six_doors_small, minivault_25,
          kennysheep_generic_room_15

Skill      XL: |  1 |
---------------+----+-----
Short Blades   | 3 |  3.2
Stealth        | 8 |  8.0
Fighting       | |  2.6
Dodging        | |  2.1

Action                   || total
-------------------------++-------
Melee: Short sword       ||    31
       Bite              ||     6
  Use: Potion            ||     2
       Scroll            ||     1
 Stab: Distracted        ||     1
Armor: Leather armour    ||     4
Dodge: Dodged            ||    13

Table legend: (Time is in decaauts)
 A = Elapsed time spent in this place.
 B = Non-inter-level travel time spent in this place.
 C = Inter-level travel time spent in this place.
 D = Time resting spent in this place.
 E = Time spent auto-exploring this place.
 F = Levels seen in this place.
 G = Mean time per level.
                   A        B        C        D        E       F      G
               +--------+--------+--------+--------+--------+-----+--------+
         Total |    228 |    228 |      0 |     12 |     71 |   1 |  228.0 |
       Dungeon |    228 |    228 |      0 |     12 |     71 |   1 |  228.0 |
               +--------+--------+--------+--------+--------+-----+--------+

Top non-repeatable levels by time:
     D:5: 228 daAuts
